 Dungeon Crawl Stone Soup version 0.28-a0-1199-gef9e1dbd39 (webtiles) character file.

Game seed: 10172227690041607090

2448 Gargoyl the Skirmisher (level 9, 0/74 HPs)
             Began as a Gnoll Abyssal Knight on Dec 19, 2021.
             Was an Elder of Lugonu.
             Slain by a gnoll shaman (3 damage)
             ... on level 7 of the Dungeon.
             The game lasted 00:08:07 (8841 turns).

Gargoyl the Skirmisher (Gnoll Abyssal Knight)       Turns: 8841, Time: 00:08:09

Health: 0/74       AC: 15    Str: 15    XL:     9   Next: 49%
Magic:  24/24      EV:  6    Int:  7    God:    Lugonu [****..]
Gold:   305        SH:  5    Dex: 13    Spells: 16/16 levels left

rFire   . . .      SeeInvis .   a - +1 hand axe (vorpal)
rCold   . . .      Faith    .   (no shield)
rNeg    . . .      Spirit   .   h - +0 plate armour
rPois   .          Reflect  +   n - +0 helmet
rElec   +          Harm     .   (no cloak)
rCorr   .          Rampage  .   f - +0 pair of gloves
Will    .....                   (no boots)
Stlth   ..........              e - amulet of reflection
HPRegen 0.22/turn               s - ring of magical power
MPRegen 0.19/turn               (no ring)

@: lethally poisoned (0 -> -7)
A: fangs 1, strong nose, distributed training, dopey 1, screaming 1, electricity
resistance, weak 1
a: Renounce Religion, Depart the Abyss, Bend Space, Banish, Corrupt


You were on level 7 of the Dungeon.
You worshipped Lugonu.
Lugonu was greatly pleased with you.
You visited 1 branch of the dungeon, and saw 7 of its levels.
You visited the Abyss 1 time.

You collected 305 gold pieces.

Inventory:

Hand Weapons
 a - a +1 vorpal hand axe (weapon)
Missiles
 o - 2 curare-tipped darts (quivered)
Armour
 f - a +0 pair of gloves (worn)
 h - a +0 plate armour (worn)
 n - a +0 helmet (worn)
Jewellery
 e - an amulet of reflection (around neck)
 s - a ring of magical power (left hand)
Wands
 g - a wand of iceblast (11)
 j - a wand of mindburst (31)
 l - a wand of polymorph (13)
 p - a wand of flame (32)
Scrolls
 r - a scroll of fear
 t - a scroll of teleportation {unknown}
 u - 2 scrolls of identify
Potions
 b - 2 potions of degeneration
 c - 2 potions of magic
 d - 2 potions of might
 i - a potion of haste
 m - a potion of lignification {unknown}
 q - a potion of ambrosia {unknown}
 v - a potion of brilliance {unknown}


   Skills:
 + Level 7.9 Fighting
 + Level 4.3 Short Blades
 + Level 4.3 Long Blades
 + Level 6.3 Axes
 + Level 4.3 Maces & Flails
 + Level 4.3 Polearms
 + Level 4.3 Staves
 + Level 4.3 Slings
 + Level 4.3 Bows
 + Level 4.3 Crossbows
 + Level 4.3 Throwing
 + Level 6.3 Armour
 + Level 5.1 Dodging
 + Level 4.3 Stealth
 + Level 4.3 Shields
 + Level 4.3 Unarmed Combat
 + Level 4.3 Spellcasting
 + Level 3.5 Conjurations
 + Level 3.5 Hexes
 + Level 3.5 Summonings
 + Level 3.5 Necromancy
 + Level 3.5 Translocations
 + Level 3.5 Transmutations
 + Level 3.5 Fire Magic
 + Level 3.5 Ice Magic
 + Level 3.5 Air Magic
 + Level 3.5 Earth Magic
 + Level 3.5 Poison Magic
 + Level 6.7 Invocations
 + Level 4.3 Evocations


You had 16 spell levels left.
You didn't know any spells.
Your spell library contained the following spells:

 Spells                   Type           Power      Damage    Failure   Level
 Animate Skeleton         Necr           12%        N/A       98%         1
 Apportation              Tloc           12%        N/A       98%         1
 Beastly Appendage        Tmut           12%        N/A       98%         1
 Summon Small Mammal      Summ           24%        N/A       98%         1
 Wereblood                Tmut           6%         N/A       99%         2
 Spider Form              Tmut/Pois      6%         N/A       100%        3


Dungeon Overview and Level Annotations

Branches:
Dungeon (7/15)             Temple (0/1) D:6

Altars:
Okawaru

Shops:
D:4 (   D:5 *

Annotations:
D:5 Prince Ribbit


Innate Abilities, Weirdness & Mutations

You have very sharp teeth.
Your uncanny sense of smell can sniff out nearby items.
Your experience applies equally to all skills.
You are dopey. (Int -2)
You occasionally shout uncontrollably at your foes.
You are resistant to electric shocks. (rElec)
You are weak. (Str -2)


Message History

You hit the gnoll shaman.
You bite the gnoll shaman, but do no damage.
The gnoll shaman is almost dead.
You feel sick.
The gnoll shaman prays to its god.
The gnoll shaman is healed somewhat.
Unknown command.
You hit the gnoll shaman.
The gnoll shaman is almost dead.
You feel sick.
The gnoll shaman mumbles some strange prayers to its god.
The gnoll shaman is healed somewhat.
You closely miss the gnoll shaman.
You bite the gnoll shaman, but do no damage.
The gnoll shaman is severely wounded.
You feel sick.
The gnoll shaman mumbles some strange prayers to its god against you.
You easily resist.
Unknown command.
You hit the gnoll shaman.
The gnoll shaman is severely wounded.
You feel sick.
You are no longer poisoned.
The gnoll shaman hits you with a +1 whip of venom.
* * * LOW HITPOINT WARNING * * *
You are poisoned.
You hit the gnoll shaman but do no damage.
Your bite misses the gnoll shaman.
The gnoll shaman is severely wounded.
* * * LOW HITPOINT WARNING * * *
You feel very sick.
The gnoll shaman hits you with a +1 whip of venom.
* * * LOW HITPOINT WARNING * * *
It was a potion of mutation.
You feel extremely strange.
You feel the urge to shout.
You feel stupid.
You feel weaker.
You feel insulated.
* * * LOW HITPOINT WARNING * * *
You feel very sick.
The gnoll shaman hits you with a +1 whip of venom.
You die...

# ∆
##.##..###..........#####
# ∆ #.#[...###....<...#.#
# ###..#..##...##...#.# #
#...#...#.#.)#..####
#.#.#.#.#......#####..
###.#.#.#.###.........
#...#.#.##....##### #
#...##...........#
#..#..#@......#.#.#
....###.)g.....###..#
.#.#. #..#....#.##...#
####...##.<..##....##
#...#.#....#.####
#.#.#.#......#
∆#.#.#.#......# .
#...#......# # .##..##..#


You could see a gnoll shaman.

Vanquished Creatures
  A troll (D:6)
  2 sky beasts
  An ice beast (D:7)
  An ogre (D:5)
  A black bear (D:7)
  A necrophage (D:6)
  Blork the orc (D:6)
  2 phantoms (D:6)
  2 scorpions
  A water moccasin zombie (D:6)
  A wyvern skeleton (D:6)
  A water moccasin skeleton (D:6)
  4 killer bees
  A howler monkey (D:4)
  5 centaur zombies (D:6)
  3 bullfrog zombies (D:6)
  2 jellies
  An orc priest (D:6)
  5 centaur skeletons
  4 hounds
  2 bullfrog skeletons (D:6)
  2 iguanas
  An orc wizard (D:6)
  A killer bee zombie (D:6)
  2 hound skeletons (D:4)
  2 adders (D:5)
  7 gnolls
  2 white imps
  2 adder skeletons (D:4)
  A worm (D:2)
  12 orcs
  3 ball pythons
  7 endoplasms
  2 giant cockroaches
  7 goblins
  3 hobgoblins
  13 jackals
  10 kobolds
  5 quokkas
  7 bats
  15 frilled lizards
  2 rats
148 creatures vanquished.

Vanquished Creatures (others)
  3 plants (D:1)
3 creatures vanquished.

Grand Total: 151 creatures vanquished

Notes
Turn   | Place    | Note
-------+----------+-------------------------------------------
     0 | Abyss:1  | Gargoyl the Gnoll Abyssal Knight began the quest for the
                  | Orb.
     0 | Abyss:1  | Reached XP level 1. HP: 23/23 MP: 3/3
    38 | Abyss:1  | Noticed a small abomination
    50 | Abyss:1  | Noticed a large abomination
    72 | D:1      | Escaped the Abyss
   431 | D:1      | Reached * piety under Lugonu
   443 | D:1      | Reached XP level 2. HP: 27/29 MP: 5/5
  1230 | D:1      | Reached XP level 3. HP: 34/35 MP: 6/6
  1387 | D:1      | Reached skill level 1 in Short Blades
  1387 | D:1      | Reached skill level 1 in Long Blades
  1387 | D:1      | Reached skill level 1 in Maces & Flails
  1387 | D:1      | Reached skill level 1 in Polearms
  1387 | D:1      | Reached skill level 1 in Staves
  1387 | D:1      | Reached skill level 1 in Slings
  1387 | D:1      | Reached skill level 1 in Bows
  1387 | D:1      | Reached skill level 1 in Crossbows
  1387 | D:1      | Reached skill level 1 in Throwing
  1387 | D:1      | Reached skill level 1 in Stealth
  1387 | D:1      | Reached skill level 1 in Shields
  1387 | D:1      | Reached skill level 1 in Unarmed Combat
  1387 | D:1      | Reached skill level 1 in Spellcasting
  1387 | D:1      | Reached skill level 1 in Evocations
  1571 | D:1      | Reached XP level 4. HP: 37/41 MP: 7/7
  1855 | D:2      | Reached ** piety under Lugonu
  2841 | D:3      | Reached skill level 1 in Conjurations
  2841 | D:3      | Reached skill level 1 in Hexes
  2841 | D:3      | Reached skill level 1 in Summonings
  2841 | D:3      | Reached skill level 1 in Necromancy
  2841 | D:3      | Reached skill level 1 in Translocations
  2841 | D:3      | Reached skill level 1 in Transmutations
  2841 | D:3      | Reached skill level 1 in Fire Magic
  2841 | D:3      | Reached skill level 1 in Ice Magic
  2841 | D:3      | Reached skill level 1 in Air Magic
  2841 | D:3      | Reached skill level 1 in Earth Magic
  2841 | D:3      | Reached skill level 1 in Poison Magic
  3550 | D:4      | Reached XP level 5. HP: 39/47 MP: 8/8
  3721 | D:4      | Found Dowuemak's Antique Weapon Boutique.
  3874 | D:4      | Found an iron altar of Okawaru.
  4064 | D:4      | Reached skill level 5 in Invocations
  4064 | D:4      | Reached XP level 6. HP: 53/53 MP: 9/9
  4376 | D:4      | Reached skill level 5 in Axes
  4376 | D:4      | Reached skill level 5 in Armour
  4480 | D:5      | Entered Level 5 of the Dungeon
  4524 | D:5      | Reached XP level 7. HP: 44/59 MP: 10/10
  4536 | D:5      | Reached skill level 7 in Fighting
  4768 | D:5      | Reached *** piety under Lugonu
  4944 | D:5      | Found Jifal's Elemental Accessories.
  5176 | D:5      | Noticed Prince Ribbit
  5452 | D:6      | Reached XP level 8. HP: 51/67 MP: 12/12
  6221 | D:6      | Noticed a troll
  6227 | D:6      | Killed a troll
  6258 | D:6      | Reached XP level 9. HP: 61/72 MP: 14/14
  6901 | D:6      | Noticed Blork the orc
  6913 | D:6      | Killed Blork the orc
  7278 | D:6      | Found a staircase to the Ecumenical Temple.
  7647 | D:7      | Reached **** piety under Lugonu
  7648 | D:7      | Reached skill level 5 in Dodging
  8841 | D:7      | Gained mutation: You occasionally shout uncontrollably at
                  | your foes. [potion of mutation]
  8841 | D:7      | Gained mutation: You are dopey. (Int -2) [potion of
                  | mutation]
  8841 | D:7      | Gained mutation: You are weak. (Str -2) [potion of
                  | mutation]
  8841 | D:7      | Gained mutation: You are resistant to electric shocks.
                  | (rElec) [potion of mutation]
  8841 | D:7      | HP: 3/74 [poisoned by a gnoll shaman]
  8841 | D:7      | Slain by a gnoll shaman

Illustrated notes

Levels and vault maps discovered:
D:1:      scummos_arrival_gate, layout_loops_ring, minmay_lizard_king
D:2:      layout_basic, lemuel_another_geyser
D:3:      layout_basic
D:4:      layout_cave_pods, okawaru_trees_1, serial_shops, shop,
          serial_bayou_crossing
D:5:      layout_rooms, minivault_14, nicolae_elemental_shop,
          uniq_prince_ribbit1
D:6:      layout_layer_cave, temple_hall, serial_undead, serial_undead_f,
          serial_undead_a, serial_undead_d, serial_undead_f, serial_undead_e,
          serial_undead_d, hangedman_abyss_or_decor_jellyfish_corner,
          uniq_blork_the_orc
D:7:      wad_crossroads, layout_layer_cave, uniq_joseph

Skill      XL: |  1  2  3  4  5  6  7  8  9 |
---------------+----------------------------+-----
Short Blades   | 1 2 3 4 |  4.3
Long Blades    | 1 2 3 4 |  4.3
Maces & Flails | 1 2 3 4 |  4.3
Polearms       | 1 2 3 4 |  4.3
Staves         | 1 2 3 4 |  4.3
Slings         | 1 2 3 4 |  4.3
Bows           | 1 2 3 4 |  4.3
Crossbows      | 1 2 3 4 |  4.3
Throwing       | 1 2 3 4 |  4.3
Stealth        | 1 2 3 4 |  4.3
Shields        | 1 2 3 4 |  4.3
Unarmed Combat | 1 2 3 4 |  4.3
Spellcasting   | 1 2 3 4 |  4.3
Evocations     | 1 2 3 4 |  4.3
Conjurations   | 1 2 3 |  3.5
Hexes          | 1 2 3 |  3.5
Summonings     | 1 2 3 |  3.5
Necromancy     | 1 2 3 |  3.5
Translocations | 1 2 3 |  3.5
Transmutations | 1 2 3 |  3.5
Fire Magic     | 1 2 3 |  3.5
Ice Magic      | 1 2 3 |  3.5
Air Magic      | 1 2 3 |  3.5
Earth Magic    | 1 2 3 |  3.5
Poison Magic   | 1 2 3 |  3.5
Dodging        | 3 4 5 |  5.1
Invocations    | 5 6 |  6.7
Axes           | 5 6 |  6.3
Armour         | 5 6 |  6.3
Fighting       | 7 |  7.9

Action                   |  1- 3 |  4- 6 |  7- 9 || total
-------------------------+-------+-------+-------++-------
Melee: Hand axe          |    94 |   172 |   362 ||   628
       Bite              |     3 |    17 |    58 ||    78
       Punch             |       |       |     4 ||     4
Throw: Dart              |       |     3 |     2 ||     5
Invok: Depart the Abyss  |     1 |       |       ||     1
  Use: Scroll            |     3 |     3 |     6 ||    12
       Potion            |       |       |     1 ||     1
Armor: Leather armour    |    24 |    11 |       ||    35
       Plate armour      |       |    94 |   308 ||   402
Dodge: Dodged            |    90 |    59 |   126 ||   275
Block: Other             |       |    49 |    98 ||   147
       Reflection        |       |     1 |       ||     1

Table legend: (Time is in decaauts)
 A = Elapsed time spent in this place.
 B = Non-inter-level travel time spent in this place.
 C = Inter-level travel time spent in this place.
 D = Time resting spent in this place.
 E = Time spent auto-exploring this place.
 F = Levels seen in this place.
 G = Mean time per level.
                   A        B        C        D        E       F      G
               +--------+--------+--------+--------+--------+-----+--------+
         Total |   8874 |   8702 |    172 |   1255 |   5926 |   8 | 1109.2 |
       Dungeon |   8802 |   8630 |    172 |   1255 |   5889 |   7 | 1257.4 |
         Abyss |     72 |     72 |      0 |      0 |     37 |   1 |   72.0 |
               +--------+--------+--------+--------+--------+-----+--------+

Top non-repeatable levels by time:
     D:6: 2426 daAuts
     D:1: 1500 daAuts
     D:2: 1251 daAuts
     D:7: 1227 daAuts
     D:4: 979 daAuts
     D:5: 714 daAuts
     D:3: 703 daAuts
 Abyss:1: 72 daAuts
